 Dungeon Crawl Stone Soup version 0.31-a0-435-g2c6fae2916 (webtiles) character file.

Game seed: 12772666136178545582

139 CraigForest the Ruffian (level 5, -5/29 HPs)
             Began as a Gargoyle Shapeshifter on Aug 1, 2023.
             Was a Follower of Jiyva.
             Killed by divine providence
             ... invoked by an orc priest
              (9 damage)
             ... on level 3 of the Dungeon.
             The game lasted 00:07:08 (1371 turns).

CraigForest the Ruffian (Gargoyle Shapeshifter)     Turns: 1371, Time: 00:07:09

Health: -5/29      AC: 10    Str: 27    XL:     5   Next: 22%
Magic:  5/5        EV: 10    Int:  8    God:    Jiyva [*.....]
Gold:   114        SH:  0    Dex: 10    Spells: 4/4 levels left

rFire   . .          .
                       - Unarmed
rCold   . . .        (no shield)
rNeg    + . .        k - +0 scale mail
rPois   ∞            (helmet currently unavailable)
rElec   +            (cloak currently unavailable)
rCorr   .            (gloves currently unavailable)
SInv    .            (boots currently unavailable)
Will    .....        (no amulet) Stlth
                     l - +6 ring of strength
HPRegen 1.04/turn    (no ring)
MPRegen 0.34/turn

%: no passive effects
@: beast-form
A: beast (slay +2), sickness immunity, AC +4, negative energy resistance 1,
electricity resistance, torment resistance 1, petrification resistance
a: Begin Untransformation, Renounce Religion


You were on level 3 of the Dungeon.
You worshipped Jiyva.
Jiyva was aware of your devotion.
You were a hulking beast.
You visited 1 branch of the dungeon, and saw 3 of its levels.

You collected 114 gold pieces.

Inventory:

Hand Weapons
 d - a +3 dagger of draining
Armour
 a - a +0 animal skin
 e - a +0 pair of gloves
 h - a +0 robe
 k - a +0 scale mail (worn)
Jewellery
 l - a +6 ring of strength (left hand)
Talismans
 c - a beast talisman (active)
Scrolls
 g - 2 scrolls of blinking
 j - 2 scrolls of fear
Potions
 b - a potion of lignification
 f - 4 potions of curing
 i - a potion of magic {unknown}
 m - a potion of degeneration {unknown}


   Skills:
 - Level 1.1 Fighting
 + Level 2.1 Dodging
 + Level 4.6 Unarmed Combat
 + Level 3.1 Shapeshifting


You had 4 spell levels left.
You didn't know any spells.
Your spell library contained the following spells:

 Spells                   Type           Power      Damage    Failure   Level
 Static Discharge         Conj/Air       0%         2-2/arc   83%         2
 Airstrike                Air            0%         2d(0-16)  100%        4
 Summon Lightning Spire   Summ/Air       0%         N/A       100%        4


Dungeon Overview and Level Annotations

Branches:
Dungeon (3/15)

Altars:
Jiyva

Shops:
D:1 [![*


Innate Abilities, Weirdness & Mutations

You are a hulking beast.
Your limbs bulge with bestial killing power. (Slay +2)
You are immune to sickness and miasma.
Your stone body is resilient. (AC +4)
You are immune to poison.
You resist negative energy. (rN+)
You are resistant to electric shocks. (rElec)
You are resistant to unholy torment.
You are immune to petrification.


Message History

The orc wizard casts a spell.
The orc wizard flickers and vanishes!
Deactivating autopickup; reactivate with Ctrl-A.
The frilled lizard bites you but does no damage.
You barely miss the frilled lizard. The orc priest barely misses you.
The frilled lizard bites you but does no damage.
You punch the orc priest!
The orc priest is severely wounded.
The frilled lizard completely misses you.
You hit the orc priest but do no damage.
The orc priest is severely wounded.
The orc priest calls down the wrath of Beogh upon you.
Beogh smites you!
Ouch! That really hurt!
* * * LOW HITPOINT WARNING * * *
The frilled lizard barely misses you.
You hit the orc priest but do no damage.
The orc priest is severely wounded.
You hit the orc priest.
The orc priest is almost dead.
The orc priest looks encouraged for a moment.
You hear some strange, mumbled words.
A puff of flame appears from out of thin air!
The puff of flame hits you.
* * * LOW HITPOINT WARNING * * *
The frilled lizard barely misses you.
You barely miss the orc priest.
You punch the orc priest, but do no damage.
The orc priest is almost dead.
The orc priest calls down the wrath of Beogh upon you.
Pain shoots through your body!
* * * LOW HITPOINT WARNING * * *
Something hits you but does no damage.
The frilled lizard bites you but does no damage.
You barely miss the orc priest.
The orc priest is almost dead.
Something hits you but does no damage.
The orc priest calls down the wrath of Beogh upon you.
Beogh smites you!
You die...

#..##.....##.####.._^##.#
....#.......#......^^^......
#...#.8...8.#.########.#....
...#.......#.# ...###
.....o.#.# ...# .......#.#
..... .8...8.#.# [...
......{#.####.. ....
......ohl......#
##............##
................
####..........##
..............
...............
##..####......## #.# #.....#


You could see an orc priest, an orc and a frilled lizard.

Vanquished Creatures
  A scorpion (D:2)
  2 adders
  A worm (D:2)
  3 dart slugs
  An orc (D:3)
  4 ball pythons (D:1)
  6 bats (D:1)
  An endoplasm (D:1)
  3 giant cockroaches
  6 goblins
  4 hobgoblins
  4 quokkas
  6 frilled lizards
  3 kobolds
  4 rats
49 creatures vanquished.

Notes
Turn   | Place    | Note
-------+----------+-------------------------------------------
     0 | D:1      | CraigForest the Gargoyle Shapeshifter began the quest for
                  | the Orb.
     0 | D:1      | Reached XP level 1. HP: 12/12 MP: 1/1
    60 | D:1      | Found Reash's Armour Boutique.
    71 | D:1      | Reached XP level 2. HP: 16/16 MP: 2/2
    96 | D:1      | Found Vaovoimo's Distillery.
   251 | D:1      | Reached XP level 3. HP: 20/20 MP: 3/3
   310 | D:1      | Found Naleakh's General Store.
   632 | D:1      | Found Urghur's Armour Shop.
   801 | D:2      | Noticed a scorpion
   816 | D:2      | Killed a scorpion
   817 | D:2      | Reached skill level 4 in Unarmed Combat
   817 | D:2      | Reached XP level 4. HP: 13/25 MP: 4/4
  1056 | D:2      | Reached XP level 5. HP: 24/29 MP: 5/5
  1324 | D:3      | Found a faded altar of an unknown god.
  1347 | D:3      | Prayed at the altar of an unknown god.
  1347 | D:3      | Became a worshipper of Jiyva Jaofaurr the Shapeless
  1347 | D:3      | Reached * piety under Jiyva
  1371 | D:3      | Killed from afar by an orc priest

Illustrated notes

Levels and vault maps discovered:
D:1:      wander_arrival_chamber, layout_loops_ring, serial_shops,
          nicolae_shop_statue_plus, nicolae_diamond_shop,
          nicolae_shop_window_shopping, shop
D:2:      layout_rooms
D:3:      cheibrodos_pilgrimage, layout_rooms, kiku_gazebo_pond_becter,
          ebering_ecumenical_altar_webs, minmay_close_crescents

Skill      XL: |  1  2  3 |
---------------+----------+-----
Dodging        | 2 |  2.1
Unarmed Combat | 4 |  4.6
Shapeshifting  | 3 |  3.1
Fighting       | |  1.1

Action                     |  1- 3 |  4- 6 || total
---------------------------+-------+-------++-------
  Melee: Unarmed           |    97 |    66 ||   163
         Punch             |       |     2 ||     2
    Use: Potion            |     1 |       ||     1
         Scroll            |       |     4 ||     4
 Armour: Animal skin       |    23 |       ||    23
         Robe              |    11 |    18 ||    29
         Skin              |     1 |       ||     1
         Scale mail        |       |     8 ||     8
  Dodge: Dodged            |    84 |    47 ||   131

Table legend: (Time is in decaauts)
 A = Elapsed time spent in this place.
 B = Non-inter-level travel time spent in this place.
 C = Inter-level travel time spent in this place.
 D = Time resting spent in this place.
 E = Time spent auto-exploring this place.
 F = Levels seen in this place.
 G = Mean time per level.
                   A        B        C        D        E       F      G
               +--------+--------+--------+--------+--------+-----+--------+
         Total |   1358 |   1324 |     34 |      0 |    862 |   3 |  452.7 |
       Dungeon |   1358 |   1324 |     34 |      0 |    862 |   3 |  452.7 |
               +--------+--------+--------+--------+--------+-----+--------+

Top non-repeatable levels by time:
     D:1: 795 daAuts
     D:2: 499 daAuts
     D:3: 64 daAuts
